 Dungeon Crawl Stone Soup version 0.27-a0-58-g0ec5f8ab93 (webtiles) character file.

Game seed: 9831362171462974181

16 Forecaster the Magician (level 2, -1/22 HPs)
             Began as a Naga Hedge Wizard on Jan 8, 2021.
             Slain by a ball python (2 damage)
             ... on level 1 of the Dungeon.
             The game lasted 00:02:21 (1163 turns).

Forecaster the Magician (Naga Hedge Wizard)         Turns: 1163, Time: 00:02:22

Health: -1/22      AC:  1    Str: 12    XL:     2   Next: 54%
Magic:  0/6        EV: 10    Int: 14    God:
Gold:   32         SH:  0    Dex: 10    Spells: 3/8 levels left

rFire    . . .     SeeInvis +   a - +0 dagger
rCold    . . .     Faith    .   (no shield)
rNeg     . . .     Spirit   .   b - +0 robe
rPois    +         Reflect  .   c - +0 hat
rElec    .         Harm     .   (no cloak)
rCorr    .         Rampage  .   (no gloves)
Will     .....                  (no barding)
Stlth    ++........             (no amulet)
HPRegen  0.07/turn              (no ring)
MPRegen  0.10/turn              (no ring)

@: attractive, very slow
A: large, see invisible, deformed body, poison resistance, slowness 2, spit
poison 1, AC +0
a: Spit Poison


You were on level 1 of the Dungeon.
You visited 1 branch of the dungeon, and saw 2 of its levels.

You collected 32 gold pieces.

Inventory:

Hand Weapons
 a - a +0 dagger (weapon)
Armour
 b - a +0 robe (worn)
 c - a +0 hat (worn)
Scrolls
 d - a scroll of fear {unknown}
 e - a scroll of magic mapping {unknown}
 h - a scroll of random uselessness {unknown}
Potions
 g - a potion of ambrosia {unknown}


   Skills:
 + Level 1.5 Dodging
 + Level 3.1 Stealth
 + Level 3.6 Spellcasting
 + Level 1.2 Conjurations
 + Level 1.0 Summonings
 + Level 1.0 Translocations


You had 3 spell levels left.
You knew the following spells:

 Your Spells              Type           Power        Failure   Level
a - Magic Dart            Conj           20%          12%         1
b - Call Imp              Summ           5%           21%         2
c - Blink                 Tloc           N/A          21%         2

Your spell library contained the following spells:

 Spells                   Type           Power        Failure   Level
 Slow                     Hex            2%           30%         2
 Conjure Flame            Conj/Fire      4%           43%         3
 Mephitic Cloud           Conj/Pois/Air  3%           45%         3


Dungeon Overview and Level Annotations

Branches:
Dungeon (2/15)

Altars:


Innate Abilities, Weirdness & Mutations

You cannot wear boots.
Your serpentine skin is tough. (AC +0)
You have supernaturally acute eyesight. (SInv)
Armour fits poorly on your strangely shaped body.
Your system is resistant to poisons. (rPois)
You cover ground very slowly.
You can spit poison.


Message History

The goblin hits you but does no damage. The ball python barely misses you.
The goblin is pulled toward you!
There is a stone staircase leading up here.
You can't go down here!
The orc wizard casts a spell at itself.
The orc wizard flickers and vanishes for a moment.
The kobold hits you.
* * * LOW HITPOINT WARNING * * *
The goblin hits you but does no damage. The ball python barely misses you.
The giant cockroach waves its antennae.
The orc wizard is pulled toward you! The orc is pulled toward you!
You climb upwards.
There is a stone staircase leading down here.
Casting: Call Imp (safe; 21% risk of failure)
Confirm with . or Enter, or press ? or * to list all spells.
A beastly little devil appears in a puff of flame.
The kobold hits you.
* * * LOW HITPOINT WARNING * * *
The ball python bites you.
You die...

.......# #.###.##.#######
#.# .......# #.#
#..........# #.#
.....######.######.#####.#
#.# .....'....#......#.#
#.# #.#
.....####.######.#.# #.#
#.#
......#.#.#....#.#.#####.#
#.#
###+#.#.#......#.#...>...#
#.#
###.#...###.####K#########
#.# ..............5S@# #†#
#.#'#.......####g# #.#
#....##....## #.# #.####
#....++.....# #[# #.....
#....##.....# #.# ######
#....##.....# #.#
#....##.....# #.#
#....###.##.# #.######
#....# #+##.# #......#


You could see a goblin, a ball python, a kobold and a friendly crimson imp
(summoned).

Vanquished Creatures
  3 dart slugs (D:1)
  A leopard gecko (D:1)
  A hobgoblin (D:1)
  A kobold (D:1)
  4 rats (D:1)
10 creatures vanquished.

Notes
Turn   | Place    | Note
-------+----------+-------------------------------------------
     0 | D:1      | Forecaster the Naga Hedge Wizard began the quest for the
                  | Orb.
     0 | D:1      | Reached XP level 1. HP: 15/15 MP: 4/4
   435 | D:1      | Reached XP level 2. HP: 22/22 MP: 0/6
   438 | D:1      | Learned a level 2 spell: Call Imp
   441 | D:1      | Learned a level 2 spell: Blink
  1163 | D:1      | HP: 1/22 [kobold (2)]
  1163 | D:1      | Slain by a ball python

Illustrated notes

Levels and vault maps discovered:
D:1:      evilmike_arrival_plus, layout_basic
D:2:      layout_rooms, fedhas_altar_3

Action                   || total
-------------------------++-------
Melee: Dagger            ||    23
 Cast: Magic Dart        ||    25
       Call Imp          ||     4
  Use: Potion            ||     1
Armor: Robe              ||     1
Dodge: Dodged            ||    15

Table legend: (Time is in decaauts)
 A = Elapsed time spent in this place.
 B = Non-inter-level travel time spent in this place.
 C = Inter-level travel time spent in this place.
 D = Time resting spent in this place.
 E = Time spent auto-exploring this place.
 F = Levels seen in this place.
 G = Mean time per level.
                   A        B        C        D        E       F      G
               +--------+--------+--------+--------+--------+-----+--------+
         Total |   1401 |   1364 |     37 |     31 |   1218 |   2 |  700.5 |
       Dungeon |   1401 |   1364 |     37 |     31 |   1218 |   2 |  700.5 |
               +--------+--------+--------+--------+--------+-----+--------+

Top non-repeatable levels by time:
     D:1: 1367 daAuts
     D:2: 33 daAuts
